 Dungeon Crawl Stone Soup version 0.30-a0-292-g0f741e3f8e (webtiles) character file.

Game seed: 13347840732472248085

200 brknglss the Firebug (level 5, 0/29 HPs)
             Began as a Deep Elf Fire Elementalist on Oct 17, 2022.
             Slain by an orc wizard
             ... wielding a +0 dagger
              (1 damage)
             ... on level 3 of the Dungeon.
             The game lasted 00:07:55 (3645 turns).

brknglss the Firebug (Deep Elf Fire Elementalist)   Turns: 3645, Time: 00:07:56

Health: 0/29       AC:  3    Str:  7    XL:     5   Next: 48%
Magic:  7/13       EV: 13    Int: 20    God:
Gold:   163        SH:  0    Dex: 15    Spells: 9/12 levels left

rFire   + + +      SeeInvis .    u - +4 club
rCold   . . .      Faith    .    (no shield)
rNeg    . . .      Spirit   .    a - +0 robe
rPois   +          Reflect  .    d - +0 helmet
rElec   .          Harm     .    (no cloak)
rCorr   +          Rampage  .    (no gloves)
Will    .....                    (no boots)
Stlth   ++........               (no amulet)
HPRegen 0.24/turn                o - ring "Ogrizagh" {*Slow Fly rPois rF+++ rCorr}
MPRegen 0.13/turn                (no ring)

@: flying
A: no striking features
a: no special abilities


You were on level 3 of the Dungeon.
You visited 1 branch of the dungeon, and saw 3 of its levels.

You collected 163 gold pieces.

Inventory:

Hand Weapons
 f - a +0 dagger
 u - a +4 club (weapon)
Missiles
 m - 8 poisoned darts
 n - 2 atropa-tipped darts
Armour
 a - a +0 robe (worn)
 d - a +0 helmet (worn)
Magical Staves
 t - a staff of death
Jewellery
 o - the ring "Ogrizagh" (left hand) {*Slow Fly rPois rF+++ rCorr}
   (You found it on level 2 of the Dungeon)

   [ring of flight]

   rF:        It renders you almost immune to fire.
   rPois:     It protects you from poison.
   Fly:       It grants you flight.
   rCorr:     It protects you from acid and corrosion.
   *Slow:     It may slow you when you take damage.
Scrolls
 g - 2 scrolls of noise {unknown}
 j - a scroll of brand weapon {unknown}
 l - 2 scrolls of enchant armour {unknown}
 p - a scroll of vulnerability {unknown}
 q - a scroll of magic mapping {unknown}
 s - 2 scrolls of butterflies {unknown}
Potions
 b - a potion of magic
 c - 2 potions of ambrosia
 e - 2 potions of resistance
 h - a potion of might
 k - a potion of curing
 r - a potion of cancellation {unknown}


   Skills:
 + Level 1.4 Fighting
 + Level 3.6 Dodging
 - Level 2.4 Stealth
 + Level 4.1 Spellcasting
 + Level 2.5 Conjurations
 * Level 4.7 Fire Magic


You had 9 spell levels left.
You knew the following spells:

 Your Spells              Type           Power      Damage    Failure   Level
a - Foxfire               Conj/Fire      72%        2x1d7     2%          1
b - Scorch                Fire           46%        2d7       2%          2

Your spell library contained the following spells:

 Spells                   Type           Power      Damage    Failure   Level
 Inner Flame              Hex/Fire       13%        N/A       14%         3
 Cigotuvi's Dreadful Rot  Necr/Pois/Air  8%         N/A       19%         2
 Kindle Blastsparks       Fire/Tloc/Air  20%        2d11      21%         3
 Flame Wave               Conj/Fire      18%        2d7       28%         4
 Dispel Undead            Necr           4%         3d7       77%         4
 Death Channel            Necr           2%         N/A       100%        6


Dungeon Overview and Level Annotations

Branches:
Dungeon (3/15)

Altars:
Gozag
Hepliaklqana

Shops:
D:1 =   D:2 *


Message History

Confirm with . or Enter, or press ? or * to list all spells.
Flames lash something.
Something hits you.
Casting: Scorch (safe; 2% risk of failure)
Confirm with . or Enter, or press ? or * to list all spells.
Flames lash the orc wizard.
The orc wizard is severely wounded.
The orc wizard's fire resistance burns away.
Something hits you but does no damage.
Casting: Scorch (safe; 2% risk of failure)
Confirm with . or Enter, or press ? or * to list all spells.
Flames lash the orc wizard.
The orc wizard is burned terribly!
You kill the orc wizard!
Something hits you.
Casting: Scorch (safe; 2% risk of failure)
Confirm with . or Enter, or press ? or * to list all spells.
You can't see any susceptible monsters within range! (Use Z to cast anyway.)
You miss something. Something barely misses you.
Something hits you but does no damage.
You closely miss something. Something hits you.
You closely miss something.
You hear some strange, mumbled words.
A puff of flame appears from out of thin air!
The puff of flame hits you. You resist.
You closely miss something. Something hits you.
You completely miss something. Something hits you but does no damage.
You hear some strange, mumbled words.
A magic dart appears from out of thin air!
The magic dart hits you!
* * * LOW HITPOINT WARNING * * *
You completely miss something. Something hits you.
* * * LOW HITPOINT WARNING * * *
You hit something. Something barely misses you.
Casting: Scorch (safe; 2% risk of failure)
Confirm with . or Enter, or press ? or * to list all spells.
You conjure some foxfire!
Something hits you but does no damage.
You hit something. Something hits you.
* * * LOW HITPOINT WARNING * * *
Something hits you but does no damage.
You miss something. Something hits you.
You die...

#.#...#..# #.# #.# .# .
#.#......# #.# #.####.##..
#........# #.# #..........
##........# #.# #..........
..........######.######......≈...
#.##.>..#..........).....PP..≈._.
#.##....########)#####...P...≈...
....#.#.# #{# #...P...≈≈≈≈
#.....#.### #@# ##..PP......
..........## #v# #..P{o.....
...........### #.#


#.oPP.PPPP. .............. ... ##..PPPPPP.. #.....)....# #.....#...........
###.#.)....# #................. ###.#.#)##.#####....<####.#######
....#................#..........# ######...#.######### #.########.# There were
no monsters in sight!

Vanquished Creatures
  Terence (D:2)
  Jessica (D:2)
  3 orc wizards (D:3)
  An adder (D:2)
  2 dart slugs
  5 orcs (D:3)
  8 ball pythons
  3 endoplasms
  3 giant cockroaches
  4 goblins
  3 hobgoblins (D:1)
  4 quokkas
  2 bats (D:1)
  6 frilled lizards
  3 kobolds
  6 rats
55 creatures vanquished.

Vanquished Creatures (others)
  203 foxfires
  5 fungi (D:3)
  20 plants (D:3)
228 creatures vanquished.

Grand Total: 283 creatures vanquished

Notes
Turn   | Place    | Note
-------+----------+-------------------------------------------
     0 | D:1      | brknglss the Deep Elf Fire Elementalist began the quest for
                  | the Orb.
     0 | D:1      | Reached XP level 1. HP: 10/10 MP: 6/6
   263 | D:1      | Reached XP level 2. HP: 15/15 MP: 2/8
   993 | D:1      | Learned a level 2 spell: Scorch
  1231 | D:1      | Found Xoot's Jewellery Emporium.
  1881 | D:2      | Reached XP level 3. HP: 20/20 MP: 9/9
  2175 | D:2      | Found Kumuhyga's Assorted Antiques.
  2460 | D:2      | Noticed Terence
  2475 | D:2      | Killed Terence
  2476 | D:2      | Reached skill level 1 in Fighting
  2476 | D:2      | Reached XP level 4. HP: 25/25 MP: 3/11
  2678 | D:2      | Found a faded altar of an unknown god.
  2684 | D:2      | Identified the ring "Ogrizagh" {*Slow Fly rPois rF+++
                  | rCorr}
  3131 | D:2      | Noticed Jessica
  3134 | D:2      | Killed Jessica
  3256 | D:3      | Found a hazy altar of Hepliaklqana.
  3257 | D:3      | Found a faded altar of an unknown god.
  3262 | D:3      | Reached XP level 5. HP: 22/29 MP: 5/13
  3368 | D:3      | Found an opulent altar of Gozag.
  3644 | D:3      | HP: 1/29 [something (3)]
  3645 | D:3      | Slain by an orc wizard

Illustrated notes

Levels and vault maps discovered:
D:1:      dpeg_arrival_round_b, layout_basic, serial_shops,
          nicolae_shop_hallway_plus, minmay_pentomino_s4
D:2:      layout_basic, ebering_ecumenical_altar_box, serial_shops, shop,
          uniq_terence, uniq_jessica
D:3:      layout_loops_ring, beargit_hepliaklqana_dungeon_heroes,
          fedhas_altar_3, mainiacjoe_overflow_chevrons, uniq_crazy_yiuf_cottage

Skill      XL: |  1  2  3  4 |
---------------+-------------+-----
Fire Magic     | 4 |  4.7
Fighting       | 1 |  1.4
Dodging        | 3 |  3.6
Conjurations   | 2 |  2.5
Spellcasting   | 4 |  4.1
Stealth        | |  2.4

Action                   |  1- 3 |  4- 6 || total
-------------------------+-------+-------++-------
Melee: Dagger            |    28 |     4 ||    32
       Club              |       |    13 ||    13
 Cast: Foxfire           |    96 |    33 ||   129
       Scorch            |     3 |    10 ||    13
  Use: Scroll            |       |     4 ||     4
 Stab: Sleeping          |     1 |     2 ||     3
Armor: Robe              |    16 |     6 ||    22
Dodge: Dodged            |    41 |     7 ||    48

Table legend: (Time is in decaauts)
 A = Elapsed time spent in this place.
 B = Non-inter-level travel time spent in this place.
 C = Inter-level travel time spent in this place.
 D = Time resting spent in this place.
 E = Time spent auto-exploring this place.
 F = Levels seen in this place.
 G = Mean time per level.
                   A        B        C        D        E       F      G
               +--------+--------+--------+--------+--------+-----+--------+
         Total |   3647 |   3609 |     38 |   1635 |   1347 |   3 | 1215.7 |
       Dungeon |   3647 |   3609 |     38 |   1635 |   1347 |   3 | 1215.7 |
               +--------+--------+--------+--------+--------+-----+--------+

Top non-repeatable levels by time:
     D:1: 1878 daAuts
     D:2: 1409 daAuts
     D:3: 359 daAuts
